 Dungeon Crawl Stone Soup version 0.30-a0-29-g142975f185 (webtiles) character file.

Game seed: 16152606433515127008

3140 bearlyready the Fighter (level 9, -1/82 HPs)
             Began as a Palentonga Brigand on Aug 27, 2022.
             Was an Initiate of Cheibriados.
             Slain by a wight
             ... wielding a +3 trident
              (8 damage)
             ... on level 8 of the Dungeon.
             The game lasted 00:19:58 (8861 turns).

bearlyready the Fighter (Palentonga Brigand)        Turns: 8861, Time: 00:19:59

Health: -1/82      AC: 17    Str: 21    XL:     9   Next: 61%
Magic:  11/11      EV:  5    Int: 14    God:    Cheibriados [......]
Gold:   337        SH:  5    Dex: 12    Spells: 8/8 levels left

rFire   + . .      SeeInvis +    t - +4 dagger (venom)
rCold   + . .      Faith    .    (no shield)
rNeg    . . .      Spirit   .    Q - +2 chain mail {rPois}
rPois   +          Reflect  +    (no helmet)
rElec   .          Harm     .    c - +0 cloak
rCorr   .          Rampage  .    (no gloves)
Will    .....                    (no barding)
Stlth   ..........               p - amulet of reflection
HPRegen 0.23/turn                r - ring of protection from cold
MPRegen 0.12/turn                s - ring of protection from fire

@: curled up, very slow
A: large, rugged brown scales 3, see invisible, deformed body, roll 1, armoured
tail, reflexive curl
a: Rolling Charge, Renounce Religion


You were on level 8 of the Dungeon.
You worshipped Cheibriados.
Cheibriados was noncommittal.
You visited 1 branch of the dungeon, and saw 8 of its levels.

You collected 492 gold pieces.
You spent 155 gold pieces at shops.

Inventory:

Hand Weapons
 a - a +2 dagger
 h - the +5 dagger of Nerhemay {freeze, +Blink}
   (You found it on level 3 of the Dungeon)

   It freezes those it strikes, dealing additional cold damage.
   It can also slow down cold-blooded creatures.
   +Blink:    It lets you blink.
 n - a +4 spear
 q - a +0 rapier
 t - a +4 dagger of venom (weapon)
 A - a +0 falchion of holy wrath
 C - a +2 mace of protection
 J - a +0 long sword
 N - a +2 vorpal falchion
 P - a +1 mace of holy wrath
Missiles
 d - 7 poisoned darts
 e - 5 curare-tipped darts (quivered)
 H - a throwing net
Armour
 b - a +0 robe
 c - a +0 cloak (worn)
 w - a scarf of resistance
 B - a +0 leather armour
 K - +0 steam dragon scales
 Q - a +2 chain mail of poison resistance (worn)
Jewellery
 f - a ring of willpower
 p - an amulet of reflection (around neck)
 r - a ring of protection from cold (left hand)
 s - a ring of protection from fire (right hand)
 v - a ring of fire
 y - a ring of protection from fire
Wands
 R - a wand of roots (2)
Scrolls
 l - a scroll of amnesia
 o - 2 scrolls of poison
 x - a scroll of blinking
 z - 3 scrolls of teleportation {unknown}
 E - a scroll of enchant armour {unknown}
 I - a scroll of immolation {unknown}
 L - 2 scrolls of butterflies
 M - a scroll of enchant weapon
Potions
 g - 5 potions of heal wounds
 i - 4 potions of haste {unknown}
 j - 6 potions of curing
 k - 2 potions of mutation {unknown}
 m - a potion of berserk rage {unknown}
 u - 2 potions of degeneration {unknown}
 D - a potion of brilliance {unknown}
 F - a potion of flight {unknown}
 G - a potion of cancellation {unknown}


   Skills:
 + Level 9.5 Fighting
 - Level 5.0 Short Blades
 - Level 0.1(3.0) Long Blades
 - Level 3.0 Throwing
 - Level 0.7 Dodging
 - Level 2.6 Stealth
 + Level 3.7 Invocations
 - Level 6.2 Evocations


You had 8 spell levels left.
You didn't know any spells.
Your spell library contained the following spells:

 Spells                   Type           Power      Damage    Failure   Level
 Sting                    Tmut/Pois      0%         1d3       97%         1
 Poisonous Vapours        Pois/Air       0%         N/A       99%         2
 Cause Fear               Hex            0%         N/A       100%        4
 Olgreb's Toxic Radiance  Pois           0%         N/A       100%        4
 Dragon Form              Tmut           0%         N/A       100%        7
 Dragon's Call            Summ           0%         N/A       100%        9


Dungeon Overview and Level Annotations

Branches:
Dungeon (8/15)             Temple (0/1) D:7
   Lair: D:8-11

Altars:
Cheibriados
Elyvilon
Fedhas
Sif Muna
Wu Jian

Shops:
D:2 [   D:4 !?


Innate Abilities, Weirdness & Mutations

You are completely covered in rugged brown scales. (AC +3, +7% HP)
You have supernaturally acute eyesight. (SInv)
Armour fits poorly on your strangely shaped body.
You can roll at nearby foes to attack.
You have a long armoured tail.
You curl defensively after being hit. (AC +7*)


Message History

The centaur shoots an arrow.
You reflect the arrow off an invisible shield around you!
The arrow hits the centaur!
Aiming: Fastroot
Press: ? - help, Shift-Dir - straight line, f - ice beast, p - centaur
Aim: an ice beast The roots erupt in riotous growth!
Roots grab the ice beast.
The centaur is unaffected.
The grasping roots constrict the ice beast!
The grasping roots constrict the centaur!
You kill the centaur!
Cheibriados appreciates the change of pace.
The ice beast struggles to escape constriction.
You feel much better.
The grasping roots constrict the ice beast!
The ice beast struggles to escape constriction.
The centaur shoots an arrow.
The arrow hits you!
* * * LOW HITPOINT WARNING * * *
That's the wrong kind of item! (Use * to select it.) Evoke which item? (* to show all) (? for menu, Esc to quit)
Aiming: Fastroot
Press: ? - help, Shift-Dir - straight line, f - centaur, p - ice beast
Aim: a centaur, wielding a +0 shortbow The roots erupt in riotous growth!
Roots grab the centaur.
The ice beast is unaffected.
The grasping roots constrict the centaur!
The grasping roots constrict the ice beast!
You kill the ice beast!
Cheibriados appreciates the change of pace.
The centaur shoots an arrow.
The arrow hits you!
* * * LOW HITPOINT WARNING * * *
A wight comes into view. It is wielding a +3 trident.
The centaur shoots an arrow.
The arrow barely misses you.
The grasping roots constrict the centaur.
The centaur shoots an arrow.
The arrow hits you!
* * * LOW HITPOINT WARNING * * *
The wight hits you from afar with a +3 trident!
You die...

#.########..#.#D.#
#####..##....##..$...#
$.....##......##...#
###.###..#..#..#+#
#.#.'...##...#.#
#...'..†##...#.#
#####..#..#..'.#
##......##.#
##....###@# ###### #.#
#z# #...c..# #..$...#
#..##$.# #.$ ..# #..
..# #. ..#


You could see a centaur (rooted) and a wight.

Vanquished Creatures
  Maggie (D:6)
  Grinder (D:5)
  2 wyverns
  2 water moccasins
  An ice beast (D:8)
  A black bear (D:5)
  2 ogres
  2 centaurs
  A kobold brigand (D:7)
  A necrophage (D:5)
  A bullfrog (D:7)
  4 scorpions
  4 killer bees (D:8)
  3 howler monkeys
  2 electric eels (D:6)
  A jelly (D:6)
  5 hounds
  2 orc priests
  Jessica (D:2)
  3 iguanas
  9 orc wizards
  8 gnolls
  5 adders
  A shadow imp (D:6)
  A white imp (D:6)
  3 ufetubi
  2 worms
  4 dart slugs
  32 orcs
  3 bats
  7 endoplasms
  4 giant cockroaches
  5 goblins
  5 hobgoblins
  6 quokkas
  6 ball pythons
  2 frilled lizards (D:1)
  9 kobolds
  2 rats (D:1)
154 creatures vanquished.

Notes
Turn   | Place    | Note
-------+----------+-------------------------------------------
     0 | D:1      | bearlyready the Palentonga Brigand began the quest for the
                  | Orb.
     0 | D:1      | Reached XP level 1. HP: 17/17 MP: 1/1
   147 | D:1      | Reached XP level 2. HP: 19/24 MP: 2/2
   387 | D:1      | Reached skill level 3 in Fighting
   407 | D:1      | You fall into a shaft and drop 1 floor!
   647 | D:1      | Found a faded altar of an unknown god.
  1214 | D:2      | Reached XP level 3. HP: 28/31 MP: 3/3
  1719 | D:2      | Found Tistrorewk's Armour Shop.
  1759 | D:2      | Noticed Jessica
  1763 | D:2      | Killed Jessica
  1764 | D:2      | Reached skill level 4 in Fighting
  1829 | D:3      | Reached XP level 4. HP: 40/40 MP: 4/4
  1847 | D:3      | HP: 1/40 [orc/+0 short sword (2)]
  2206 | D:3      | Identified the +5 dagger of Nerhemay {freeze, +Blink}
  2829 | D:4      | Found Pezy Opt's Distillery.
  2832 | D:4      | Bought a potion of heal wounds for 50 gold pieces
  2837 | D:4      | Noticed an ogre
  2845 | D:4      | Killed an ogre
  2846 | D:4      | Reached skill level 5 in Fighting
  2846 | D:4      | Reached skill level 1 in Evocations
  2846 | D:4      | Reached XP level 5. HP: 47/47 MP: 5/5
  3138 | D:4      | Found Noggio's Magic Scroll Shoppe.
  3142 | D:4      | Bought a scroll of blinking for 105 gold pieces
  3344 | D:4      | Reached XP level 6. HP: 40/54 MP: 6/6
  3899 | D:5      | Entered Level 5 of the Dungeon
  4176 | D:5      | Gained mutation: You curl defensively after being hit. (AC
                  | +7*) [Palentonga growth]
  4176 | D:5      | Reached XP level 7. HP: 60/60 MP: 7/7
  4199 | D:5      | Noticed Grinder
  4212 | D:5      | Paralysed by Grinder for 2 turns
  4216 | D:5      | Killed Grinder
  4217 | D:5      | Reached skill level 6 in Fighting
  4647 | D:5      | Reached XP level 8. HP: 55/69 MP: 8/8
  4725 | D:5      | Reached skill level 5 in Short Blades
  5247 | D:5      | Reached skill level 7 in Fighting
  5920 | D:6      | Noticed Maggie
  5933 | D:6      | Killed Maggie
  6137 | D:6      | Reached skill level 5 in Evocations
  6186 | D:6      | Reached skill level 8 in Fighting
  6785 | D:6      | Reached XP level 9. HP: 79/79 MP: 9/9
  8187 | D:7      | Found an ornate altar of the Wu Jian Council.
  8304 | D:7      | Found a faded altar of an unknown god.
  8304 | D:7      | Found a shimmering blue altar of Sif Muna.
  8312 | D:7      | Found a white marble altar of Elyvilon.
  8314 | D:7      | Found a blossoming altar of Fedhas.
  8316 | D:7      | Found a snail-covered altar of Cheibriados.
  8328 | D:7      | Became a worshipper of Cheibriados the Contemplative
  8427 | D:7      | Found a staircase to the Ecumenical Temple.
  8548 | D:8      | Reached skill level 1 in Invocations
  8627 | D:8      | Reached skill level 9 in Fighting
  8861 | D:8      | Slain by a wight

Illustrated notes

Levels and vault maps discovered:
D:1:      elethiomel_arrival_quiet, layout_loops_ring,
          shapermc_ecumenical_altar_ellora, minmay_tripent
D:2:      layout_loops_ring, serial_shops, shop, kennysheep_jessica_study
D:3:      layout_rooms
D:4:      layout_loops_ring, serial_shops, nicolae_shop_hallway_stairs,
          nicolae_stop_n_shop_2
D:5:      layout_loops_ring, uniq_grinder
D:6:      layout_gridville, water_maze_lemuel, uniq_maggie
D:7:      layout_loops_ring, chequers_temple_overflow_minitemple,
          nzn_wu_jian_council_hall, minmay_temple_entry_enclosed_plants
D:8:      minmay_polygon_palace, layout_loops_ring, david_lair_generic,
          enter_ossuary_2

Skill      XL: |  1  2  3  4  5  6  7  8  9 |
---------------+----------------------------+-----
Fighting       | 3 4 5 6 8 9 |  9.5
Evocations     | 1 2 3 5 6 |  6.2
Short Blades   | 3 4 5 |  5.0
Throwing       | 2 3 |  3.0
Invocations    | 3 |  3.7
Long Blades    | |  0.1
Dodging        | |  0.7
Stealth        | |  2.6

Action                   |  1- 3 |  4- 6 |  7- 9 || total
-------------------------+-------+-------+-------++-------
Melee: Dagger            |    69 |   131 |   326 ||   526
       Tailslap          |     9 |    15 |    49 ||    73
       Punch             |       |       |     5 ||     5
Throw: Dart              |       |    10 |    10 ||    20
 Abil: Rolling Charge    |     1 |     5 |    10 ||    16
Evoke: Wand              |       |       |     3 ||     3
  Use: Scroll            |       |     6 |     3 ||     9
       Potion            |       |       |     2 ||     2
 Stab: Sleeping          |    12 |     3 |     3 ||    18
Armor: Robe              |    25 |    45 |    20 ||    90
       Steam dragon scal |       |       |    38 ||    38
       Chain mail        |       |       |    18 ||    18
Dodge: Dodged            |    22 |    47 |   120 ||   189
Block: Other             |       |    18 |    58 ||    76
       Reflection        |       |     1 |     2 ||     3

Table legend: (Time is in decaauts)
 A = Elapsed time spent in this place.
 B = Non-inter-level travel time spent in this place.
 C = Inter-level travel time spent in this place.
 D = Time resting spent in this place.
 E = Time spent auto-exploring this place.
 F = Levels seen in this place.
 G = Mean time per level.
                   A        B        C        D        E       F      G
               +--------+--------+--------+--------+--------+-----+--------+
         Total |   8829 |   8413 |    416 |   1455 |   5577 |   8 | 1103.6 |
       Dungeon |   8829 |   8413 |    416 |   1455 |   5577 |   8 | 1103.6 |
               +--------+--------+--------+--------+--------+-----+--------+

Top non-repeatable levels by time:
     D:5: 1747 daAuts
     D:6: 1703 daAuts
     D:2: 1287 daAuts
     D:7: 1165 daAuts
     D:1: 1062 daAuts
     D:4: 939 daAuts
     D:3: 588 daAuts
     D:8: 336 daAuts
